 Dungeon Crawl Stone Soup version 0.26.0-10-g1f06aea511 (webtiles) character file.

Game seed: 16015101270500361320

737 Borgoz the Skirmisher (level 7, 0/61 HPs)
             Began as a Ghoul Gladiator on Jan 13, 2021.
             Was an Initiate of Ashenzari.
             Shot with an arrow by a centaur (3 damage)
             ... on level 5 of the Dungeon.
             The game lasted 00:07:55 (4627 turns).

Borgoz the Skirmisher (Ghoul Gladiator)             Turns: 4627, Time: 00:07:55

Health: 0/61       AC:  8    Str: 17 (19) XL:     7   Next: 74%
Magic:  6/6        EV: 12    Int:  1 (3)  God:    Ashenzari [......]
Gold:   255        SH:  0    Dex: 10 (11) Spells: 6/6 levels left

rFire    . . .     SeeInvis .   q - +0 scimitar
rCold    + . .     Faith    .   (no shield)
rNeg     + + +     Spirit   .   p - +0 ring mail
rPois    ∞         Reflect  .   c - +0 helmet
rElec    .         Harm     .   (no cloak)
rCorr    .         Rampage  .   (no gloves)
Will     .....                  g - +0 pair of boots
Stlth    ..........             m - amulet of regeneration
HPRegen  0.00/turn              (no ring)
MPRegen  0.10/turn              (no ring)

@: very slightly contaminated, invisible
A: claws 1, cold resistance 1, negative energy resistance 3, inhibited
regeneration, torment resistance, unbreathing
a: Renounce Religion, Curse Item


You were on level 5 of the Dungeon.
You worshipped Ashenzari.
Ashenzari was noncommittal.
You visited 1 branch of the dungeon, and saw 5 of its levels.
You also visited: Sewer.

You collected 255 gold pieces.

Inventory:

Hand Weapons
 b - a +4 short sword of draining
 q - a +0 scimitar (weapon)
Missiles
 d - 2 throwing nets (quivered)
Armour
 c - a +0 helmet (worn)
 g - a +0 pair of boots (worn)
 p - a +0 ring mail (worn)
Jewellery
 m - an amulet of regeneration (around neck)
Scrolls
 a - a scroll of fog
 h - a scroll of enchant armour
 k - 6 scrolls of teleportation
 l - a scroll of blinking
 o - 2 scrolls of remove curse
Potions
 f - a potion of magic
 i - a potion of brilliance
 j - 2 potions of flight


   Skills:
 * Level 5.0 Fighting
 * Level 4.5 Long Blades
 - Level 1.7 Throwing
 * Level 3.5 Armour
 * Level 4.6 Dodging


You had 6 spell levels left.
You didn't know any spells.
Your spell library was empty.

Dungeon Overview and Level Annotations

Branches:
Dungeon (5/15)              Sewer (visited)
 Temple: D:4-7

Altars:
Ashenzari
Fedhas
Makhleb

Shops:
D:4 [


Innate Abilities, Weirdness & Mutations

You thrive by killing the living.
You are immune to poison.
You have sharp fingernails.
Your flesh is cold resistant. (rC+)
You are immune to negative energy. (rN+++)
You do not regenerate when monsters are visible.
You are immune to unholy pain and torment.
You can survive without breathing.


Message History

You barely miss the centaur.
The centaur shoots an arrow.
The arrow closely misses you.
The arrow hits the centaur!
The centaur hits you but does no damage.
The centaur shoots an arrow.
The arrow barely misses you.
The arrow hits the centaur!
The centaur barely misses you.
You riposte.
You slash the centaur!
You kill the centaur!
You feel better.
Your Fighting skill increases to level 5!
The centaur shoots an arrow.
The arrow hits you.
* * * LOW HITPOINT WARNING * * *
Things that are here:
a +0 shortbow; 14 arrows; a centaur corpse The centaur shoots an arrow.
The arrow hits you!
* * * LOW HITPOINT WARNING * * *
You see here 2 arrows.
The centaur shoots an arrow.
The arrow barely misses you.
You see here 2 arrows.
The centaur shoots an arrow.
The arrow hits you.
You die...

## ##.## ##...# ###
#....###.#
#....##..##
.####....#((.#
....(..)((@c.##
..........(...##
.....#.........###
.... #........##.##
.##...#......(....#
#.##.......(...#.#
...##....(...(....#
..
..........#.....#
.##....##..#.....#


You could see a centaur.

Vanquished Creatures
  A phantom (D:4)
  2 centaurs
  2 scorpions
  2 bullfrog skeletons
  2 orc priests (D:5)
  Jessica (D:3)
  2 merfolk sirens (Sewer)
  A merfolk avatar (Sewer)
  9 adders
  2 river rats (Sewer)
  An ooze (D:4)
  An adder zombie (D:5)
  2 adder skeletons (D:4)
  A dart slug (D:2)
  2 worms
  8 leopard geckos
  3 orcs
  9 giant cockroaches
  5 goblins
  8 hobgoblins
  4 jackals (D:3)
  9 kobolds
  2 quokkas
  6 ball pythons
  5 bats
  8 frilled lizards
  33 rats
131 creatures vanquished.

Notes
Turn   | Place    | Note
-------+----------+-------------------------------------------
     0 | D:1      | Borgoz the Ghoul Gladiator began the quest for the Orb.
     0 | D:1      | Reached XP level 1. HP: 17/17 MP: 0/0
   209 | D:1      | Reached XP level 2. HP: 25/25 MP: 1/1
   969 | D:2      | Reached skill level 1 in Armour
   969 | D:2      | Reached XP level 3. HP: 29/30 MP: 2/2
  1225 | D:2      | Reached skill level 3 in Fighting
  1225 | D:2      | Reached XP level 4. HP: 35/38 MP: 3/3
  1333 | D:2      | Found a broken altar of Ashenzari.
  1417 | D:2      | Became a worshipper of Ashenzari the Shackled
  2337 | D:3      | Found a glowing drain.
  2348 | Sewer    | Entered a sewer
  2445 | Sewer    | Reached XP level 5. HP: 42/45 MP: 4/4
  2903 | Sewer    | Noticed a malarious merfolk avatar
  2943 | Sewer    | Killed a malarious merfolk avatar
  2944 | Sewer    | Reached XP level 6. HP: 37/52 MP: 5/5
  3748 | D:3      | Found a burning altar of Makhleb.
  3842 | D:3      | Noticed Jessica
  3847 | D:3      | Killed Jessica
  3848 | D:3      | Reached skill level 4 in Fighting
  3960 | D:4      | Found Luxkakol's Armour Shoppe.
  4077 | D:4      | Noticed a phantom
  4123 | D:4      | Killed a phantom
  4124 | D:4      | Reached XP level 7. HP: 24/60 MP: 6/6
  4437 | D:4      | Found a blossoming altar of Fedhas.
  4525 | D:5      | Entered Level 5 of the Dungeon
  4624 | D:5      | Reached skill level 5 in Fighting
  4625 | D:5      | HP: 3/61 [centaur/arrow (8)]
  4627 | D:5      | Shot with an arrow by a centaur

Illustrated notes

Levels and vault maps discovered:
D:1:      dpeg_arrival_round_a, layout_basic
D:2:      layout_basic, nicolae_ashenzari_panopticon
D:3:      layout_loops_corners, lightli_temple_of_fire, gup_sewer_entry_pipe,
          uniq_jessica
D:4:      layout_rooms, lemuel_round_altar, serial_shops, shop
D:5:      layout_cave_pools, minmay_hollow_rounded_squares

Skill      XL: |  1  2  3  4  5  6  7 |
---------------+----------------------+-----
Long Blades    | 3 4 |  4.5
Armour         | 1 2 3 |  3.5
Dodging        | 3 4 |  4.6
Fighting       | 3 4 5 |  5.0
Throwing       | |  1.7

Action                   |  1- 3 |  4- 6 |  7- 9 || total
-------------------------+-------+-------+-------++-------
Melee: Long sword        |    90 |   253 |       ||   343
       Scimitar          |       |    26 |    45 ||    71
Throw: Throwing net      |       |     2 |       ||     2
  Use: Scroll            |       |     7 |     2 ||     9
       Potion            |       |     3 |     2 ||     5
 Stab: Held in net/web   |       |     1 |       ||     1
Armor: Leather armour    |    39 |   107 |       ||   146
       Ring mail         |       |    20 |    25 ||    45
Dodge: Dodged            |    82 |   210 |    62 ||   354
       Rpst.: Long sword |    33 |    58 |       ||    91
       Scimitar          |       |     8 |    19 ||    27
